 Dungeon Crawl Stone Soup version 0.24.0-125-gc4c63601f3 (webtiles) character file.

Game seed: 17328329106318859538, levelgen mode: deterministic

98270 Peloso the Peltast (level 15, -9/136 HPs)
             Began as a Minotaur Fighter on Mar 22, 2020.
             Was a High Priest of Okawaru.
             Killed from afar by Roxanne (26 damage)
             ... with a bolt of magma
             ... on level 1 of the Spider Nest.
             The game lasted 01:27:28 (27869 turns).

Peloso the Peltast (Minotaur Fighter)              Turns: 27869, Time: 01:27:30

Health: -9/136     AC: 24    Str: 26    XL:     15   Next: 74%
Magic:  14/16      EV: 11    Int:  2    God:    Okawaru [*****.]
Gold:   2034       SH: 24    Dex: 11    Spells: 14/14 levels left

rFire    . . .     SeeInvis +   a - +1 scimitar (flame)
rCold    + . .     Gourm    .   c - +0 large shield
rNeg     . . .     Faith    .   I - +1 plate armour {rPois}
rPois    +         Spirit   .   K - +2 hat {MR+}
rElec    +         Reflect  .   h - scarf {cloud immunity}
rCorr    +         Harm     .   j - +0 pair of gloves of the Prince {rElec rC+ rCorr Int-3}
MR       ++...                  O - +2 pair of boots {Fly}
Stlth    ..........             (no amulet)
HPRegen  0.32/turn              m - ring of see invisible
MPRegen  0.15/turn              (no ring)

@: heroism, flying, heavily drained
A: retaliatory headbutt, horns 2
a: Heroism, Finesse, Renounce Religion, Stop Flying


You were on level 1 of the Spider Nest.
You worshipped Okawaru.
Okawaru was extremely pleased with you.
You were very hungry.

You visited 5 branches of the dungeon, and saw 25 of its levels.
You also visited: Bailey and Ice Cave.

You collected 2762 gold pieces.
You spent 728 gold pieces at shops.

Inventory:

Hand Weapons
 a - a +1 scimitar of flaming (weapon)
 b - a +3 long sword of freezing
 s - the +6 short sword "Dofeonof" {drain, Dex+4, unknown}
   (You found it on level 1 of the Spider Nest)

   A truly terrible weapon, it drains the life of those it strikes.
   It affects your dexterity (+4).
 S - a +1 vampiric falchion
Armour
 c - a +0 large shield (worn)
 h - a scarf of cloud immunity (worn)
 j - the +0 pair of gloves of the Prince (worn) {rElec rC+ rCorr Int-3}
   (You found it in an ice cave)

   It affects your intelligence (-3).
   It protects you from cold.
   It insulates you from electricity.
   It provides partial protection from all sources of acid and corrosion.
 p - the +2 plate armour of Duty {*Drain rCorr Str+7 Dex+4}
   (Okawaru gifted it to you on level 15 of the Dungeon)

   It affects your strength (+7).
   It affects your dexterity (+4).
   It provides partial protection from all sources of acid and corrosion.
   It causes draining when unequipped.
 u - a +0 pair of gloves of strength
 I - a +1 plate armour of poison resistance (worn)
 K - a +2 hat of magic resistance (worn)
 O - a +2 pair of boots of flying (worn)
 X - a scarf of resistance
Jewellery
 m - a ring of see invisible (left hand)
 r - an uncursed ring of resist corrosion
 J - an uncursed ring of protection from fire
Scrolls
 e - 3 scrolls of identify
 k - a scroll of summoning
 l - 3 scrolls of remove curse
 o - a scroll of immolation {unknown}
 t - 5 scrolls of teleportation
 x - 2 scrolls of fear
 B - 6 scrolls of fog
 D - a scroll of enchant armour
 L - a scroll of noise
 P - 3 scrolls of torment
Potions
 d - 2 potions of mutation
 g - a potion of ambrosia
 i - 5 potions of heal wounds
 q - 4 potions of resistance
 A - 3 potions of haste
 G - 2 potions of berserk rage
 M - 2 potions of might
 Q - 6 potions of agility
 R - 5 potions of curing
Miscellaneous
 z - a sack of spiders
Comestibles
 f - 48 rations


   Skills:
 + Level 13.5(14.9) Fighting
 + Level 15.6(16.8) Long Blades
 + Level 13.0(14.4) Armour
 + Level 7.2(9.1) Dodging
 + Level 2.6(4.7) Stealth
 + Level 20.6(21.4) Shields
 + Level 3.2(0.7) Invocations
 + Level 1.2(0.0) Evocations


You had 14 spell levels left.
You didn't know any spells.
Your spell library contained the following spells:

 Spells                   Type           Power        Failure   Level  Hunger
 Beastly Appendage        Tmut           #.....       100%        1    ##.....
 Freeze                   Ice            #...         100%        1    ##.....
 Sting                    Conj/Pois      #...         100%        1    ##.....
 Poisonous Vapours        Pois/Air       #.....       100%        2    ###....
 Sticks to Snakes         Tmut           #.......     100%        2    ###....
 Throw Frost              Conj/Ice       #.....       100%        2    ###....
 Mephitic Cloud           Conj/Pois/Air  #.......     100%        3    ####...
 Ozocubu's Armour         Chrm/Ice       #.......     100%        3    ####...
 Spider Form              Tmut/Pois      #.........   100%        3    ####...
 Static Discharge         Conj/Air       #.......     100%        3    ####...
 Ice Form                 Ice/Tmut       #.......     100%        4    #####..
 Olgreb's Toxic Radiance  Pois           #.......     100%        4    #####..
 Summon Ice Beast         Ice/Summ       #.......     100%        4    #####..
 Summon Lightning Spire   Summ/Air       #.......     100%        4    #####..
 Throw Icicle             Conj/Ice       #.......     100%        4    #####..
 Blade Hands              Tmut           #.........   100%        5    ######.
 Bolt of Magma            Conj/Fire/Erth #.........   100%        5    ######.
 Iskenderun's Battlesphe  Conj/Chrm      #.......     100%        5    ######.
 Lightning Bolt           Conj/Air       #.........   100%        5    ######.
 Silence                  Hex/Air        #.........   100%        5    ######.
 Venom Bolt               Conj/Pois      #.........   100%        5    ######.
 Conjure Ball Lightning   Conj/Air       #.........   100%        6    #######
 Deflect Missiles         Chrm/Air       #.........   100%        6    #######
 Iron Shot                Conj/Erth      #.........   100%        6    #######
 Orb of Destruction       Conj           #.........   100%        7    #######
 Spellforged Servitor     Conj/Summ      #.........   100%        7    #######
 Ignition                 Fire           #.........   100%        8    #######
 Shatter                  Erth           #.........   100%        9    #######
 Tornado                  Air            #.........   100%        9    #######


Dungeon Overview and Level Annotations

Branches:
Dungeon (15/15)            Temple (1/1) D:6            Lair (6/6) D:10
 Shoals (0/4) Lair:3       Spider (1/4) Lair:3        Slime (0/5) Lair:6
    Orc (2/2) D:10            Elf (0/3) Orc:2        Vaults (0/5) D:13
 Depths (0/5) D:15         Bailey (visited)           IceCv (visited)

Altars:
Ashenzari
Dithmenos
Hepliaklqana
Kikubaaqudgha
Makhleb
Nemelex Xobeh
Okawaru
Qazlal
Sif Muna
Trog
Uskayaw
Vehumet
Xom
Jiyva

Shops:
Orc:2 *[(=

Annotations:
D:14 exclusions: obsidian statue and orange crystal statue
Lair:6 1 runed translucent door
Spider:1 Roxanne


Innate Abilities, Weirdness & Mutations

You reflexively headbutt those who attack you in melee.
You have a pair of horns on your head.


Message History

Roxanne mumbles some strange words.
The iron shot hits you!!!
* * * LOW HITPOINT WARNING * * *
You hit Roxanne. You headbutt Roxanne, but do no damage.
Roxanne is severely damaged.
You feel like a meek peon again.
You feel sick.
Unknown command.
You hit Roxanne but do no damage.
Roxanne is severely damaged.
You feel sick.
You gain the combat prowess of a mighty hero.
You feel sick.
Roxanne casts a spell.
The bolt of magma hits you!
* * * LOW HITPOINT WARNING * * *
You feel better.
Roxanne mumbles some strange words.
The bolt of magma hits you!!
You die...

#..#..##.##...#..####
.# #..####
..####..##..#..# ##..
...# ###.#....# ##..
#.^###....# #.
.....#...## .#
#.....## ##....#
^.#.###?†.##
#.......@.#
#..#....8.# ###....#
#.#...# .....#..
%..#....## #.###...##
## ##.#


You could see Roxanne.

Vanquished Creatures
  Gastronok (D:9)
  An orc warlord (Orc:1)
  Snorg (Lair:4)
  Erolcha (D:9)
  4 vault guards (D:13)
  An ice dragon (D:15)
  An ogre mage (D:15)
  3 catoblepae (Lair:6)
  3 centaur warriors
  4 hydras
  Erica (D:8)
  8 two-headed ogres
  8 death yaks
  Urug (Lair:5)
  2 orc high priests (Orc:2)
  A fire crab (shapeshifter) (D:14)
  An unseen horror (D:12)
  A swamp dragon (shapeshifter) (D:15)
  A glowing orange brain (D:15)
  7 orc knights
  Pikel (D:9)
  9 ugly things
  A harpy (shapeshifter) (D:15)
  3 orc sorcerers
  A wolf spider (Spider:1)
  2 manticores (Lair:6)
  A deep elf mage (D:15)
  3 cyclopes
  4 centaur zombies
  4 elephants (Lair:4)
  4 black mambas
  2 ice statues (IceCv)
  8 centaur skeletons
  3 gargoyles
  Psyche (D:8)
  A torpor snail (Lair:6)
  A rime drake (Lair:1)
  4 spiny frogs
  3 kobold demonologists
  6 komodo dragons
  5 ice devils (IceCv)
  5 polar bears
  3 jumping spiders
  A meliai (D:13)
  3 tengu conjurers
  2 hornets
  5 trolls
  A meliai (shapeshifter) (D:15)
  24 blink frogs
  7 dream sheep (Lair:6)
  4 slime creatures (D:15)
  8 hippogriffs
  3 centaur simulacra
  Sigmund (D:2)
  7 redbacks (Spider:1)
  A redback (shapeshifter) (D:15)
  3 wyverns
  A shadow (D:12)
  2 tarantellas (Spider:1)
  2 water elementals (D:15)
  A hog (shapeshifter) (D:14)
  A human (shapeshifter) (D:15)
  A vampire (D:14)
  A hog (D:12)
  A basilisk (Lair:5)
  60 yaks
  2 hungry ghosts
  3 wargs
  A harpy simulacrum (D:15)
  A soldier ant (D:13)
  15 water moccasins
  42 orc warriors
  7 porcupines
  2 sky beasts
  A meliai simulacrum (D:15)
  9 ice beasts
  A hornet zombie (D:13)
  3 phantoms
  2 eyes of draining
  2 necrophages
  3 black bears
  5 wolves (D:15)
  15 ogres
  9 crocodiles
  11 centaurs
  3 big kobolds
  3 gnoll sergeants (D:10)
  24 bullfrogs
  A wyvern zombie (D:13)
  A water moccasin zombie (D:6)
  4 scorpions
  7 killer bees
  5 wights
  10 howler monkeys
  4 jellies
  7 electric eels
  3 crimson imps
  2 bullfrog zombies
  6 hounds
  28 orc wizards
  17 orc priests
  Crazy Yiuf (D:6)
  2 bullfrog skeletons
  A gnoll shaman (D:10)
  3 iguanas
  Terence (D:3)
  13 worker ants
  2 hound skeletons
  16 gnolls
  A howler monkey skeleton (D:4)
  14 adders
  3 shadow imps
  10 white imps
  10 ufetubi (IceCv)
  2 oozes
  3 adder skeletons
  4 worms
  3 dart slugs (D:1)
  6 leopard geckos
  82 orcs
  6 bats
  9 giant cockroaches
  16 goblins
  14 hobgoblins
  9 jackals
  17 kobolds
  5 quokkas
  A ball python (D:4)
  6 frilled lizards
  A leopard gecko zombie (D:5)
  17 rats
  4 fungi
807 creatures vanquished.

Vanquished Creatures (others)
  Kirke (D:11)
  A reaper (IceCv)
  A polar bear (D:15)
  2 redbacks (Spider:1)
  4 humans (D:12)
  2 slaves (D:9)
  An orc warrior (D:8)
  A killer bee (D:12)
  2 orc wizards
  2 white imps (IceCv)
  2 ufetubi (IceCv)
  10 fungi
  2 plants
31 creatures vanquished.

Grand Total: 838 creatures vanquished

Notes
Turn   | Place    | Note
-------+----------+-------------------------------------------
     0 | D:1      | Peloso the Minotaur Fighter began the quest for the Orb.
     0 | D:1      | Reached XP level 1. HP: 19/19 MP: 0/0
   138 | D:1      | Reached XP level 2. HP: 27/27 MP: 1/1
   318 | D:1      | Reached skill level 4 in Shields
   327 | D:1      | Reached XP level 3. HP: 29/33 MP: 2/2
   811 | D:2      | Noticed Sigmund
   834 | D:3      | Found a shimmering blue altar of Sif Muna.
  1281 | D:3      | Reached XP level 4. HP: 32/41 MP: 3/3
  1351 | D:2      | Killed Sigmund
  1351 | D:2      | Reached skill level 1 in Dodging
  1351 | D:2      | Reached XP level 5. HP: 33/47 MP: 4/4
  1916 | D:3      | Reached XP level 6. HP: 55/55 MP: 5/5
  1921 | D:3      | Noticed Terence
  1942 | D:3      | Killed Terence
  2069 | D:3      | Reached skill level 5 in Fighting
  2341 | D:3      | Reached skill level 5 in Long Blades
  2341 | D:3      | Reached skill level 5 in Armour
  2341 | D:3      | Reached skill level 5 in Shields
  3140 | D:4      | Found a sparkling altar of Nemelex Xobeh.
  3270 | D:4      | Reached XP level 7. HP: 58/61 MP: 6/6
  3485 | D:5      | Entered Level 5 of the Dungeon
  3953 | D:5      | Reached skill level 6 in Shields
  4404 | D:6      | Found a staircase to the Ecumenical Temple.
  4435 | D:6      | Reached XP level 8. HP: 60/69 MP: 7/7
  4447 | Temple   | Entered the Ecumenical Temple
  4464 | Temple   | Became a worshipper of Warmaster Okawaru
  4595 | D:6      | Found a runed translucent door.
  4596 | D:6      | Noticed Crazy Yiuf
  4685 | D:6      | Found a shattered altar of Ashenzari.
  4783 | D:6      | Reached skill level 7 in Shields
  4805 | D:6      | Found a bloodstained altar of Trog.
  4832 | D:6      | Found an ancient bone altar of Kikubaaqudgha.
  5191 | D:6      | Killed Crazy Yiuf
  5358 | D:7      | Reached * piety under Okawaru
  5466 | D:7      | Reached skill level 8 in Shields
  5592 | D:6      | Reached XP level 9. HP: 70/75 MP: 5/8
  5890 | D:7      | Reached ** piety under Okawaru
  6372 | D:8      | Found a hazy altar of Hepliaklqana.
  6379 | D:8      | Reached skill level 9 in Shields
  6449 | D:8      | Found a burning altar of Makhleb.
  6460 | D:8      | Noticed Erica
  6475 | D:8      | Reached skill level 1 in Invocations
  6484 | D:8      | Killed Erica
  6484 | D:8      | Reached skill level 10 in Shields
  6843 | D:8      | Found a hide-covered altar of Uskayaw.
  6844 | D:8      | Noticed Psyche
  6868 | D:8      | Killed Psyche
  6868 | D:8      | Reached *** piety under Okawaru
  6868 | D:8      | Reached skill level 10 in Long Blades
  6868 | D:8      | Reached XP level 10. HP: 38/86 MP: 9/9
  6903 | D:8      | Reached skill level 1 in Stealth
  7805 | D:9      | Found a shadowy altar of Dithmenos.
  7874 | D:9      | Noticed Pikel
  7917 | D:9      | Killed Pikel
  7917 | D:9      | Reached **** piety under Okawaru
  7933 | D:9      | Noticed Erolcha
  7942 | D:9      | Killed Erolcha
  7942 | D:9      | Reached skill level 11 in Shields
  8015 | D:9      | Noticed Gastronok
  8030 | D:9      | Killed Gastronok
  8030 | D:9      | Reached ***** piety under Okawaru
  8030 | D:9      | Reached XP level 11. HP: 92/95 MP: 8/10
  8634 | D:10     | Entered Level 10 of the Dungeon
  8683 | D:10     | Found a staircase to the Lair.
  8927 | D:10     | Found a staircase to the Orcish Mines.
  8987 | D:10     | Reached skill level 12 in Shields
  9378 | D:10     | Received a gift from Okawaru
 10611 | D:11     | Found a flagged portal.
 10621 | D:11     | Got a smoking hand axe
 10737 | Bailey   | Entered a bailey
 10771 | Bailey   | Noticed an orc knight
 10823 | Bailey   | Killed an orc knight
 10933 | Bailey   | Found an iron altar of Okawaru.
 10933 | Bailey   | Noticed an orc sorcerer
 10934 | Bailey   | Found the +0 Maxwell's etheric cage {RegenMP+ *Contam rElec
                  | MP+4}
 10950 | Bailey   | Paralysed by an orc sorcerer for 6 turns
 10962 | Bailey   | Killed an orc sorcerer
 11153 | Bailey   | Noticed an orc knight
 11172 | Bailey   | Killed an orc knight
 11172 | Bailey   | Reached skill level 10 in Armour
 11172 | Bailey   | Reached skill level 13 in Shields
 11850 | Bailey   | Noticed an orc knight
 11875 | Bailey   | Killed an orc knight
 11981 | Bailey   | Identified the cursed +2 hand axe of the Forest {chop, MP+9
                  | Str+4} (You found it on level 11 of the Dungeon)
 12549 | D:11     | Reached XP level 12. HP: 52/105 MP: 12/12
 12761 | D:11     | Noticed a four-headed hydra
 12767 | D:11     | Killed a one-headed hydra
 13277 | Lair:1   | Entered Level 1 of the Lair of Beasts
 13528 | Lair:1   | Reached skill level 14 in Shields
 13537 | Lair:1   | Reached ****** piety under Okawaru
 13537 | Lair:1   | Received a gift from Okawaru
 13537 | Lair:1   | Reached skill level 10 in Fighting
 13621 | Lair:1   | Noticed a seven-headed hydra
 13629 | Lair:1   | Killed a four-headed hydra
 14544 | Lair:2   | Reached skill level 1 in Evocations
 14611 | Lair:2   | Reached skill level 5 in Dodging
 14997 | Lair:2   | Reached skill level 15 in Shields
 15467 | Lair:3   | Got a fine trident
 15550 | Lair:3   | Found a staircase to the Shoals.
 15784 | Lair:3   | Found a hole to the Spider Nest.
 16241 | D:12     | Noticed Kirke
 16252 | D:12     | Noticed a two-headed ogre
 16384 | D:11     | Killed a two-headed ogre
 16384 | D:11     | Reached XP level 13. HP: 91/114 MP: 11/13
 16402 | D:11     | Killed Kirke
 16780 | D:12     | Got a fine long sword
 16781 | D:12     | Identified the +0 long sword "Orb Guardian's Foe" {slice,
                  | Dex+6} (You found it on level 12 of the Dungeon)
 16881 | D:12     | Received a gift from Okawaru
 16881 | D:12     | Reached skill level 16 in Shields
 17146 | D:12     | Identified the cursed +0 trident of Devotion {holy, rF+}
                  | (You found it on level 3 of the Lair of Beasts)
 17632 | D:13     | Found a gate to the Vaults.
 18231 | Orc:1    | Entered Level 1 of the Orcish Mines
 18470 | Orc:1    | Reached skill level 17 in Shields
 18750 | Orc:2    | Entered Level 2 of the Orcish Mines
 18840 | Orc:2    | Found Edes's Antique Armour Boutique.
 18930 | Orc:2    | Found Isaogaw's General Store.
 19024 | Orc:2    | Bought a scroll of acquirement for 728 gold pieces
 19199 | Orc:2    | Noticed an orc warlord
 19447 | Orc:1    | Killed an orc warlord
 19533 | Orc:1    | Reached XP level 14. HP: 109/125 MP: 14/14
 19604 | Orc:2    | Received a gift from Okawaru
 19659 | Orc:2    | Found a staircase to the Elven Halls.
 19662 | Orc:2    | Found Nietesaw's Antique Weapon Shoppe.
 19727 | Orc:2    | Found Nemih's Jewellery Boutique.
 20599 | D:14     | Reached skill level 18 in Shields
 20956 | D:14     | Found a radiant altar of Vehumet.
 20958 | D:14     | You are sucked into a shaft and drop 1 floor!
 20958 | D:15     | Entered Level 15 of the Dungeon
 21216 | D:15     | Found a frozen archway.
 21249 | D:15     | Received a gift from Okawaru
 21258 | D:15     | Reached skill level 15 in Long Blades
 21284 | D:15     | Got a distressingly furry plate armour {god gift}
 21302 | IceCv    | Entered an ice cave
 21315 | IceCv    | Identified the +2 plate armour of Duty {*Drain rCorr Str+7
                  | Dex+4} (Okawaru gifted it to you on level 15 of the
                  | Dungeon)
 21408 | IceCv    | Killed a reaper
 21696 | IceCv    | Got a pair of heavily runed gloves
 21707 | IceCv    | Identified the +0 pair of gloves of the Prince {rElec rC+
                  | rCorr Int-3} (You found it in an ice cave)
 21856 | IceCv    | Got a warped demon trident
 22394 | Lair:1   | Identified the cursed +2 demon trident of the Madman
                  | {pierce, rPois rN+} (You found it in an ice cave)
 22875 | D:15     | Reached skill level 19 in Shields
 22928 | D:15     | Found a staircase to the Depths.
 23470 | D:15     | Reached XP level 15. HP: 118/134 MP: 16/16
 24031 | Lair:4   | Received a gift from Okawaru
 24371 | Lair:4   | Noticed Snorg
 24388 | Lair:4   | Killed Snorg
 24900 | Lair:5   | You are sucked into a shaft and drop 1 floor!
 24900 | Lair:6   | Entered Level 6 of the Lair of Beasts
 25121 | Lair:5   | Noticed Urug
 25128 | Lair:5   | Killed Urug
 25128 | Lair:5   | Reached skill level 20 in Shields
 25780 | Lair:6   | Found a runed translucent door.
 25780 | Lair:6   | Found a viscous altar of Jiyva.
 25780 | Lair:6   | Found a staircase to the Slime Pits.
 26532 | Lair:6   | Received a gift from Okawaru
 26539 | Lair:6   | Got a faintly humming ring mail {god gift}
 27287 | Lair:1   | Identified the +0 ring mail of the Cast Vote {Slay+3}
                  | (Okawaru gifted it to you on level 6 of the Lair of Beasts)
 27457 | Spider:1 | Entered Level 1 of the Spider Nest
 27792 | Spider:1 | Got a dazzling short sword
 27825 | Spider:1 | Identified Roxanne's Volume of the Mountains
 27825 | Spider:1 | Noticed Roxanne
 27869 | Spider:1 | Killed from afar by Roxanne

Levels and vault maps discovered:
D:1:      onia_arrival_larder, layout_rooms, columned_hall_lemuel,
          chequers_big_river
D:2:      layout_rooms, first_ration, uniq_sigmund
D:3:      layout_basic, lemuel_round_altar, uniq_terence
D:4:      layout_basic, nicolae_overflow_crystal_walls
D:5:      layout_basic, st_stairs_13, kennysheep_dice
D:6:      layout_loops_ring, bloody_trog, kiku_gazebo_garden_becter,
          cheibrodos_ashenzari_chains, minmay_temple_entry_trees,
          minmay_manual_monstrance, uniq_crazy_yiuf_cottage
D:7:      layout_gridville, grunt_ogre_cave
D:8:      layout_basic, bloody_makhleb, nicolae_overflow_hidden_temple,
          eat_drink_and_be_merry_uskayaw, nicolae_water_bricks, uniq_erica,
          uniq_psyche
D:9:      layout_basic, grunt_dithmenos_smoke, uniq_erolcha, uniq_pikel,
          uniq_gastronok
D:10:     layout_big_octagon, due_lair_maze_entry_diamond, erik_orc_4,
          serial_gnoll_camp, gnoll_camp_mini_hut, gnoll_camp_mini_hut,
          gnoll_camp_mini_house, gnoll_camp_mini_hut
D:11:     layout_basic, enter_bailey_2
D:12:     layout_cave_pools, uniq_kirke
D:13:     layout_long_grid, lightli_vaults_fourway_checkpoint
D:14:     layout_roguey, basic_altar, minivault_26, minivault_5, david_greed
D:15:     gammafunk_enter_depths_forms, layout_basic, serial_ice, serial_ice_i,
          serial_ice_o, serial_ice_m, serial_ice_h, serial_ice_d, serial_ice_n,
          serial_ice_a, serial_ice_e, portal_ice_cave_entry_animals_and_master,
          minmay_misc_feat_tower
Temple:   jpeg_temple_clearing
Lair:1:   layout_concentric_octagons
Lair:2:   layout_small_grid, beast_lair_carwin_11, lemuel_fruit_tree
Lair:3:   layout_cave_pods, shoals_dummy_entry, spider_nest_entry_a,
          lemuel_fruit_fields, serial_bayou_shore_a
Lair:4:   layout_gridlike, grunt_megastairs_3, uniq_snorg
Lair:5:   layout_hall_layers, grunt_megastairs_4, uniq_urug
Lair:6:   evilmike_catoblepas_cave, layout_long_grid, slime_altar_2,
          lemuel_fruit_fields
Spider:1: layout_spider_delve, uniq_roxanne
Orc:1:    layout_caves, nicolae_orc_rockfall
Orc:2:    grunt_orc_gardens, layout_diamond_mine, grunt_orc_garden,
          grunt_orc_garden, grunt_orc_garden, grunt_orc_garden

Skill      XL: |  1  2  3  4  5  6  7  8  9 10 11 12 13 14 15 |
---------------+----------------------------------------------+-----
Fighting       | 4 5 6 7 8 9 10 11 12 13 | 13.5
Armour         | 4 5 6 7 8 9 10 11 12 13 | 13.0
Long Blades    | 3 4 5 7 8 10 11 13 14 15 | 15.6
Shields        | 4 5 6 8 10 11 13 15 17 19 20 | 20.6
Dodging        | 1 2 3 5 6 7 |  7.2
Invocations    | 1 2 3 |  3.2
Stealth        | 1 2 |  2.6
Evocations     | 1 |  1.2

Action                   |  1- 3 |  4- 6 |  7- 9 | 10-12 | 13-15 || total
-------------------------+-------+-------+-------+-------+-------++-------
Melee: Long sword        |    67 |   165 |    23 |    28 |   125 ||   408
       Headbutt          |    13 |    22 |    63 |   258 |   731 ||  1087
       Falchion          |       |    12 |   311 |   528 |  1712 ||  2563
       Scimitar          |       |       |    19 |   539 |   430 ||   988
Invok: Heroism           |       |       |     2 |     9 |    29 ||    40
Evoke: Wand              |       |       |     4 |    10 |       ||    14
  Use: Potion            |       |     4 |     1 |       |     4 ||     9
       Scroll            |       |       |     6 |    12 |    16 ||    34
 Stab: Invisible         |       |       |     1 |       |       ||     1
  Eat: Chunk             |     1 |     6 |     9 |    21 |    29 ||    66
       Ration            |       |       |     1 |     4 |     3 ||     8
Armor: Scale mail        |    50 |    10 |       |       |       ||    60
       Plate armour      |       |    71 |   121 |   265 |   490 ||   947
       Chain mail        |       |       |       |   101 |   199 ||   300
Dodge: Dodged            |    43 |    19 |    31 |   149 |   457 ||   699
Block: Shield            |    47 |    15 |       |       |       ||    62
       Large shield      |       |   101 |   253 |  1037 |  2285 ||  3676
       Rpst.: Long sword |    12 |     2 |       |     2 |     5 ||    21
       Falchion          |       |       |     9 |    16 |    70 ||    95
       Scimitar          |       |       |       |    18 |    20 ||    38
